 Dungeon Crawl Stone Soup version 0.29-a0-1027-gcd8c55af63 (webtiles) character file.

Game seed: 17936301581781723446

37 Locuples the Slasher (level 3, 0/43 HPs)
             Began as a Demonspawn Berserker on Aug 12, 2022.
             Was a Follower of Trog.
             Slain by a rat (1 damage)
             ... on level 2 of the Dungeon.
             The game lasted 00:02:07 (1909 turns).

Locuples the Slasher (Demonspawn Berserker)         Turns: 1909, Time: 00:02:07

Health: 0/43       AC:  2    Str: 19    XL:     3   Next: 21%
Magic:  3/3        EV: 12    Int:  8    God:    Trog [*.....]
Gold:   65         SH:  0    Dex: 12    Spells: 2/2 levels left

rFire   . . .      SeeInvis .   a - +0 falchion
rCold   . . .      Faith    .   (no shield)
rNeg    . . .      Spirit   .   b - +0 animal skin
rPois   .          Reflect  .   (helmet restricted)
rElec   .          Harm     .   (no cloak)
rCorr   .          Rampage  .   (no gloves)
Will    .....                   (no boots)
Stlth   ..........              (no amulet)
HPRegen 0.14/turn               (no ring)
MPRegen 0.08/turn               (no ring)

@: berserking (expiring), very quick
A: horns 1
a: Renounce Religion, Berserk


You were on level 2 of the Dungeon.
You worshipped Trog.
Trog was aware of your devotion.
You visited 1 branch of the dungeon, and saw 2 of its levels.

You collected 65 gold pieces.

Inventory:

Hand Weapons
 a - a +0 falchion (weapon)
Missiles
 c - a throwing net (quivered)
Armour
 b - a +0 animal skin (worn)
Scrolls
 e - 3 scrolls of identify {unknown}
Potions
 d - a potion of mutation {unknown}
 f - a potion of berserk rage {unknown}
 g - a potion of heal wounds {unknown}
 h - a potion of brilliance {unknown}


   Skills:
 + Level 3.3 Fighting
 + Level 3.3 Long Blades
 + Level 2.0 Armour
 + Level 2.1 Dodging


You had 2 spell levels left.
You didn't know any spells.
Your spell library was empty.

Dungeon Overview and Level Annotations

Branches:
Dungeon (2/15)

Altars:
Gozag


Innate Abilities, Weirdness & Mutations

You have a pair of small horns on your head.


Message History

You kill the kobold!
Trog accepts your kill. The bat closely misses you.
The hobgoblin barely misses you.
Found 19 gold pieces and a robe.
Found an opulent altar of Gozag.
The bat hits you. x2; The hobgoblin barely misses you.
The hobgoblin hits you. The rat barely misses you.
Things that are here:
a +0 whip; a kobold corpse; a quokka corpse A red film seems to cover your vision as you go berserk!
You feel yourself moving faster!
You feel mighty! The bat hits you but does no damage.
The hobgoblin barely misses you. The hobgoblin hits you.
The rat bites you but does no damage.
You closely miss the hobgoblin. Your headbutt misses the hobgoblin.
The bat closely misses you. The bat barely misses you.
The hobgoblin closely misses you. The hobgoblin hits you. The rat bites you.
* * * LOW HITPOINT WARNING * * *
You barely miss the bat. The bat hits you.
* * * LOW HITPOINT WARNING * * *
The bat barely misses you. The hobgoblin barely misses you.
The rat closely misses you. The hobgoblin hits you.
* * * LOW HITPOINT WARNING * * *
You barely miss the rat. The bat hits you but does no damage.
The hobgoblin misses you. The rat closely misses you. The hobgoblin hits you.
* * * LOW HITPOINT WARNING * * *
You closely miss the hobgoblin. The bat hits you.
* * * LOW HITPOINT WARNING * * *
The hobgoblin hits you.
* * * LOW HITPOINT WARNING * * *
The hobgoblin hits you.
* * * LOW HITPOINT WARNING * * *
The rat misses you.
You slash the hobgoblin!
You kill the hobgoblin!
Trog accepts your kill. The bat barely misses you.
Your Armour skill increases to level 2!
You barely miss the hobgoblin. The bat barely misses you.
The hobgoblin hits you but does no damage.
The bat barely misses you. The rat bites you.
You die...

.. #.......# #
#.###.#######.##
....†## #...# ###..####
#...# #......# #...#
#.#.##.####...#####
#.#.##............####.
#.#............†.......
................@r..#
.#.#.#..####...g#b###
#......# #..###..)
##..#.## #...# .....
#.##. #...# ._..#.. ..
.. ##... .$.[# .
#..##$..## #... ##.#
....#


You could see a hobgoblin, a bat and a rat.

Vanquished Creatures
  A dart slug (D:1)
  3 ball pythons (D:1)
  4 endoplasms (D:1)
  2 giant cockroaches (D:1)
  4 goblins (D:1)
  3 hobgoblins
  A jackal (D:2)
  3 kobolds
  3 quokkas
  3 bats
  A frilled lizard (D:1)
  3 rats
31 creatures vanquished.

Notes
Turn   | Place    | Note
-------+----------+-------------------------------------------
     0 | D:1      | Locuples the Demonspawn Berserker began the quest for the
                  | Orb.
     0 | D:1      | Reached XP level 1. HP: 18/18 MP: 1/1
   522 | D:1      | Gained mutation: You have a pair of small horns on your
                  | head. [demonic ancestry]
   522 | D:1      | Reached XP level 2. HP: 24/24 MP: 2/2
   532 | D:1      | Found a faded altar of an unknown god.
  1754 | D:1      | Reached XP level 3. HP: 29/29 MP: 3/3
  1902 | D:2      | Found an opulent altar of Gozag.
  1907 | D:2      | HP: 1/43 [hobgoblin (2)]
  1909 | D:2      | Slain by a rat

Illustrated notes

Levels and vault maps discovered:
D:1:      evilmike_arrival_plus, layout_basic,
          shapermc_ecumenical_altar_mp_highgroup, kennysheep_flooded_box,
          eino_curves_03, minmay_misc_feat_roman
D:2:      layout_loops_cross, basic_altar, minmay_hexomino_r4

Skill      XL: |  1  2  3 |
---------------+----------+-----
Long Blades    | 3 |  3.3
Dodging        | 2 |  2.1
Armour         | 2 |  2.0
Fighting       | |  3.3

Action                   || total
-------------------------++-------
Melee: Falchion          ||    62
       Headbutt          ||     4
Invok: Berserk           ||     3
 Stab: Sleeping          ||     3
Armor: Animal skin       ||    32
Dodge: Dodged            ||    62

Table legend: (Time is in decaauts)
 A = Elapsed time spent in this place.
 B = Non-inter-level travel time spent in this place.
 C = Inter-level travel time spent in this place.
 D = Time resting spent in this place.
 E = Time spent auto-exploring this place.
 F = Levels seen in this place.
 G = Mean time per level.
                   A        B        C        D        E       F      G
               +--------+--------+--------+--------+--------+-----+--------+
         Total |   1934 |   1900 |     34 |     40 |   1627 |   2 |  967.0 |
       Dungeon |   1934 |   1900 |     34 |     40 |   1627 |   2 |  967.0 |
               +--------+--------+--------+--------+--------+-----+--------+

Top non-repeatable levels by time:
     D:1: 1880 daAuts
     D:2: 54 daAuts
